 Dungeon Sprint DCSS version 0.10.4 character file.

90 Groucho the Sneak (level 4, -2/31 HPs)
             Began as a Spriggan Enchanter on Jan 5, 2019.
             Slain by a brain worm (3 damage)
             ... in the Dungeon (Sprint II: "The Violet Keep of Menkaure").
             The game lasted 00:00:55 (33 turns).

Groucho the Sneak (Spriggan Enchanter)                Turns: 33, Time: 00:00:55

HP  -2/31        AC  3     Str  9      XL: 4   Next: 13%
MP   8/15        EV 18     Int 15 (16) God:
Gold 20          SH  0     Dex 17      Spells:  1 memorised, 12 levels left

Res.Fire  : . . .   See Invis. : +   a - +1 dagger {=f}
Res.Cold  : . . .   Warding    : . . b - +1 robe
Life Prot.: . . .   Conserve   : .   (shield restricted)
Res.Acid. : . . .   Res.Corr.  : .   (helmet restricted)
Res.Poison: .       Clarity    : .   (no cloak)
Res.Elec. : .       Spirit.Shd : .   (gloves unavailable)
Sust.Abil.: . .     Stasis     : .   (boots unavailable)
Res.Mut.  : .       Ctrl.Telep.: .   (no amulet)
Res.Rott. : .       Levitation : .   (no ring)
Saprovore : . . .   Ctrl.Flight: .   (no ring)

@: berserking (expires), very quick, slightly resistant to hostile enchantments,
extremely unstealthy
A: unfitting armour, see invisible, herbivore 3, speed 3, slow metabolism 3
a: no special abilities


You were in the Dungeon.
You were not hungry.

You visited 1 branch of the dungeon, and saw 1 of its levels.

Inventory:

Hand weapons
 a - a +1,+1 dagger (weapon) {=f}
Missiles
 d - 16 +1 darts (quivered)
Armour
 b - a +1 robe (worn)
Scrolls
 k - a scroll of blinking
Potions
 e - a potion of porridge
 f - a potion of curing
 g - a potion of heal wounds
 h - a potion of speed
 i - 2 potions of magic
Books
 c - a book of Maledictions

   Spells                             Type                      Level
   *Corona                            Hexes                        1
   Sure Blade                         Hexes/Charms                 2
   Ensorcelled Hibernation            Hexes/Ice                    2
   Confuse                            Hexes                        3
   Enslavement                        Hexes                        4
   Invisibility                       Hexes                        6


   Skills:
 - Level 1.1 Short Blades
 - Level 1.1 Throwing
 - Level 3.0 Dodging
 + Level 7.3 Stealth
 + Level 6.2 Stabbing
 + Level 5.0 Spellcasting
 + Level 6.3 Hexes


You had 12 spell levels left.
You knew the following spells:

 Your Spells              Type           Power        Failure   Level  Hunger
a - Corona                Hex            ####....     1%          1    None


Dungeon Overview and Level Annotations

Branches:
Dungeon (1/1)

Altars:


Innate Abilities, Weirdness & Mutations

You are tiny and cannot use many weapons and most armour.
You have supernaturally acute eyesight.
You are a herbivore.
You cover ground extremely quickly.
You need consume almost no food.


Message History

The brain worm completely misses you.
There is an open door here.
You are too injured to fight blindly!
You feel a strong urge to attack something.
There is a staircase leading out of the dungeon here.
The brain worm closely misses you.
There is an open door here.
You hit the brain worm.
The brain worm is lightly wounded.
The brain worm completely misses you.
You hit the brain worm.
The brain worm is moderately wounded.
The brain worm closely misses you. The brain worm barely misses you.
The brain worm misses you.
You hit the brain worm.
The brain worm is moderately wounded.
You hit the brain worm.
The brain worm is moderately wounded.
The brain worm barely misses you. The brain worm bites you.
You die...

## ## H# #H
# $#. ## ##.
#+# #.#
#.B.##.##w.#
#+<<<@w#
#.B$##.##w#
##. #+# #.#
# #$. ##
##jj .## ##


You could see 3 brain worms.

Vanquished Creatures
  A brain worm (D)
1 creature vanquished.

Notes
Turn   | Place    | Note
--------------------------------------------------------------
     0 | D        | Groucho, the Spriggan Enchanter, began the quest for the Orb.
     0 | D        | Reached XP level 1. HP: 9/9 MP: 4/4
     2 | D        | Noticed a boulder beetle
     2 | D        | Noticed a boulder beetle
     6 | D        | Noticed a brain worm
     6 | D        | Noticed a brain worm
     6 | D        | Noticed a brain worm
     6 | D        | Noticed a brain worm
    11 | D        | Noticed a hippogriff
    11 | D        | Noticed a hippogriff
    15 | D        | Noticed an agate snail
    15 | D        | Noticed an agate snail
    26 | D        | Killed a brain worm
    26 | D        | Reached skill level 7 in Stealth
    26 | D        | Reached skill level 5 in Spellcasting
    26 | D        | Reached XP level 2. HP: 1/13 MP: 5/8
    26 | D        | Reached XP level 3. HP: 1/16 MP: 6/11
    26 | D        | Reached XP level 4. HP: 1/21 MP: 8/15
    33 | D        | Slain by a brain worm
